Celery, lawful female human Valkyrie ----- ..I.| |.I@. |.I.| |>..| ----- Celery the Skirmisher Experience level: 5 Strength: 18 Dexterity: 14 Constitution: 18 Intelligence: 9 Wisdom: 8 Charisma: 7 Health: 0(60) Energy: 15(15) AC: 6 Gold: 298 Moves: 1834 Your Inventory: Coins $ - 298 gold pieces Weapons a - an uncursed +1 long sword (weapon in hand) b - an uncursed +0 dagger (in quiver) m - an uncursed [+0] long sword named Frost Brand [Frost Brand] (alternate weapon; not wielded) Armor c - an uncursed +3 small shield (being worn) n - an [uncursed +0] tattered cape [cloak of magic resistance] Comestibles d - an uncursed food ration Scrolls o - an [uncursed] scroll called remove curse [of remove curse] p - a [cursed] scroll labeled ELBIB YLOH [of punishment] q - a [cursed] scroll labeled GNIK SISI VLE [of light] r - a [cursed] scroll labeled HZLRC KSTSBD MPFNG [of magic mapping] s - a [cursed] scroll labeled VERR YED HORRE [of charging] t - a [cursed] scroll labeled ZELGO MER [of identify] G - an [uncursed] scroll labeled HZLRC KSTSBD MPFNG [of magic mapping] Potions u - a [cursed] effervescent potion [of gain energy] v - a [cursed] potion of oil w - a [cursed] silver potion [of healing] Rings x - a [cursed] platinum ring [of teleportation] y - a [cursed] quartz ring [of regeneration] z - an [uncursed] steel ring [of protection from shape changers] Wands j - an [uncursed] wand of light [0:10] A - a [cursed] wand of striking [0:5] B - a [cursed] wand of lightning [0:3] C - a [cursed] wand of secret door detection [0:11] Tools g - an [uncursed] magic marker [0:51] D - a [cursed] key [skeleton key] Gems f - 2 [uncursed] violet gems [worthless glass] h - an [uncursed] red gem [worthless glass] E - a [cursed] yellowish brown gem [worthless glass] Spells known in the end: Name Level Category Fail Memory Your skills at the end: Fighting Skills Weapon Skills dagger [Basic / Expert] long sword [Basic / Expert] Spellcasting Skills Final Attributes: You were devoutly aligned. Hunger level was 47. Your alignment was 18 / 19. Monster difficulty range was 0 - 5. Level difficulty was 5. You were immune to cold. You were blinded. You were stealthy. Your luck was zero. You are dead. Vanquished creatures: a rock mole a yellow light a floating eye a kitten a kobold lord 5 hill orcs an iguana 6 manes a large kobold a hobgoblin 2 cave spiders 3 yellow molds a green mold 2 garter snakes a gnome zombie a gecko 2 foxes 2 kobolds a goblin 2 sewer rats 4 grid bugs 2 bats a lichen 6 newts 49 creatures vanquished. Voluntary challenges: You were an atheist. You used a wielded weapon 43 times. You read items or engraved 6 times. You put on armor 2 times. You never genocided any monsters. You never polymorphed an object. You never changed form. You used no wishes. You never wrote Elbereth's name. You encountered 1 bones level. You never used any Sokoban shortcuts. Dungeon overview: The Dungeons of Doom: levels 1 to 5 Level 1 some fountains a long staircase Level 2 a fountain a long staircase Level 3 a fountain Level 5 <- You were here History has recorded: On T:1 you entered the Dungeons of Doom to retrieve the Amulet of Yendor! On T:457 you reached level 2 of The Dungeons of Doom. On T:524 you advanced to experience level 2. On T:738 you reached level 3 of The Dungeons of Doom. On T:886 you advanced to experience level 3. On T:982 you advanced to experience level 4. On T:1303 you reached level 4 of The Dungeons of Doom. On T:1357 you advanced to experience level 5. On T:1737 you reached level 5 of The Dungeons of Doom. Latest messages: It hits! It bites! (2x) [HP-13=41] You miss it. It hits! It just misses! It bites! It hits! It bites! (2x) [HP-18=23] You hit it. Valkyrie needs food, badly! You hit it. It hits! It bites! It misses. It hits! It bites! (2x) [HP-7=16] You miss it. It hits! It bites! (2x) It hits! It bites! You die... Final status: Farvel Celery the Valkyrie... You died in The Dungeons of Doom on dungeon level 5 with 1325 points, and 298 pieces of gold, after 1834 moves. You were level 5 with a maximum of 60 hit points when you died.